[Event "Titled Tuesday Blitz February 07 Early 2023"]
[White "Fiorito, Francisco"]
[Black "Lacasa Diaz, Jose Antonio"]
[WhiteFideId "180165"]
[BlackFideId "2203375"]
[WhiteElo "2305"]
[BlackElo "2359"]
[Result "0-1"]
[Round "06"]
[TimeControl "180+2"]
[Date "2023.02.07"]
[WhiteClock "0:00:03"]
[BlackClock "0:00:19"]

1. Nf3 d5 2. g3 e6 3. Bg2 c5 4. O-O Nc6 5. d4 Nf6 6. dxc5 Bxc5 7. c4 O-O 8. cxd5 exd5 9. Bg5 d4 10. Nbd2 Bb6 11. Ne4 Re8 12. Nxf6+ gxf6 13. Bh6 Bf5 14. Qd2 Qd6 15. Nh4 Be4 16. Bxe4 Rxe4 17. Bf4 Qe6 18. Qd3 Rxe2 19. Qf3 d3 20. Qxd3 Rd8 21. Qf3 Nd4 22. Qxb7 Re4 23. Kh1 Rd5 24. Ng2 Kg7 25. Be3 Nf3 26. Bxb6 axb6 27. Nf4 Rxf4 28. gxf4 Qh3 29. Rg1+ Kh6 30. Rg2 Rh5 31. Qxf3 Qxf3 32. Kg1 Rd5 33. Re1 Rd1 0-1


[Site "https://www.chess.com"]

[Event "Titled Tuesday Blitz February 07 Early 2023"]
[White "Danielyan, Vahe"]
[Black "Perez Rodriguez, Jennifer"]
[WhiteFideId "13304828"]
[BlackFideId "3507831"]
[WhiteElo "2346"]
[BlackElo "2242"]
[Result "1-0"]
[Round "06"]
[TimeControl "180+2"]
[Date "2023.02.07"]
[WhiteClock "0:00:07"]
[BlackClock "0:00:26"]

1. d4 d5 2. c4 c6 3. Nc3 Nf6 4. Nf3 e6 5. Bg5 Nbd7 6. e3 Qa5 7. Nd2 dxc4 8. Bxf6 Nxf6 9. Nxc4 Qc7 10. Bd3 Be7 11. O-O O-O 12. Rc1 Rd8 13. Qc2 g6 14. Ne5 Bd7 15. f4 Be8 16. Rf3 Nd5 17. Nxd5 Rxd5 18. Bc4 Rdd8 19. Qb3 Bf6 20. Rcf1 b5 21. Bd3 a6 22. Qc2 Qd6 23. Rg3 Bg7 24. h4 Rac8 25. h5 c5 26. hxg6 hxg6 27. Bxg6 cxd4 28. Bh7+ Kf8 29. Qe2 dxe3 30. Rxg7 Kxg7 31. Qg4+ Kxh7 32. Rf3 Qd1+ 33. Kh2 Qxf3 34. Qxf3 Kg7 35. Qxe3 f6 36. Qg3+ Kf8 37. Ng4 Ke7 38. Qh4 Bd7 39. Qxf6+ Kd6 40. Qd4+ Kc6 41. Ne5+ Kc7 42. Qa7+ Kd6 43. Qxa6+ Ke7 44. Qa3+ Ke8 45. Qg3 Bc6 46. Qg6+ Ke7 47. Qg5+ Kd6 48. Nf7+ Kc7 49. Nxd8 Rxd8 50. Qe5+ Kb6 51. Qxe6 Rd2 52. Qe3+ 1-0


[Site "https://www.chess.com"]

[Event "Titled Tuesday Blitz February 07 Early 2023"]
[White "OKEKE, Isaac Chukwudalu"]
[Black "Vagman, Roy"]
[WhiteFideId "8508526"]
[BlackFideId "2828995"]
[WhiteElo "2155"]
[BlackElo "2273"]
[Result "0-1"]
[Round "06"]
[TimeControl "180+2"]
[Date "2023.02.07"]
[WhiteClock "0:00:11"]
[BlackClock "0:01:52"]

1. e4 g6 2. d4 Bg7 3. Nc3 d6 4. Be3 Nc6 5. Qd2 e5 6. Nge2 Nge7 7. O-O-O exd4 8. Nxd4 O-O 9. h4 h5 10. f3 Nxd4 11. Bxd4 Bxd4 12. Qxd4 Nc6 13. Qd2 Be6 14. g4 hxg4 15. h5 g5 16. f4 gxf4 17. Qxf4 Ne5 18. Be2 Kh7 19. Nd5 f5 20. exf5 Rxf5 21. Qe4 Qg5+ 22. Ne3 d5 23. Qd4 c5 24. Qxc5 Rc8 25. Qd4 Nc6 26. Qd2 Re5 27. Bd3+ Kh6 28. Rde1 Nd4 29. Nxg4+ Bxg4 30. Rxe5 Qxd2+ 31. Kxd2 Nf3+ 32. Ke3 Nxe5 33. Kf4 Nxd3+ 34. cxd3 Bxh5 35. Ke5 Kg6 36. Rg1+ Kf7 37. Rg2 Rc6 38. Rf2+ Ke7 39. Kxd5 Bf7+ 40. Kd4 Rd6+ 41. Kc3 a5 42. b3 b6 43. Rf4 Be6 44. Re4 Kd7 45. Rh4 Kc6 46. Rh5 Bf7 47. Rh7 Rxd3+ 0-1


[Site "https://www.chess.com"]

[Event "Titled Tuesday Blitz February 07 Early 2023"]
[White "Buksa, Nataliya"]
[Black "Bernat, David"]
[WhiteFideId "14123622"]
[BlackFideId "2099225"]
[WhiteElo "2406"]
[BlackElo "1862"]
[Result "1-0"]
[Round "06"]
[TimeControl "180+2"]
[Date "2023.02.07"]
[WhiteClock "0:01:49"]
[BlackClock "0:00:09"]

1. d4 d5 2. Nc3 Nf6 3. Bf4 c5 4. e3 a6 5. Nf3 Nc6 6. Ne5 e6 7. Nxc6 bxc6 8. Be2 cxd4 9. exd4 Bb4 10. O-O O-O 11. Na4 Bd6 12. Bxd6 Qxd6 13. b3 e5 14. dxe5 Qxe5 15. c4 d4 16. Bf3 Qd6 17. c5 Qd8 18. Bxc6 Rb8 19. Qd3 Ng4 20. Be4 Qh4 21. Qg3 Qxg3 22. hxg3 f5 23. Bd5+ Kh8 24. Rad1 Rd8 25. Rxd4 Be6 26. Rfd1 Bxd5 27. Rxd5 Re8 28. c6 Rbc8 29. Rd6 Nf6 30. f3 Kg8 31. Nb6 Rc7 32. Nd5 Nxd5 33. R1xd5 Re1+ 34. Kf2 Rc1 35. Rd8+ Kf7 36. R8d7+ Ke6 37. R5d6+ Ke5 38. f4+ Ke4 39. Re6# 1-0


[Site "https://www.chess.com"]

[Event "Titled Tuesday Blitz February 07 Early 2023"]
[White "Rudzinska, Michalina"]
[Black "Aarav Dengla"]
[WhiteFideId "1172883"]
[BlackFideId "45059756"]
[WhiteElo "2244"]
[BlackElo "2343"]
[Result "0-1"]
[Round "06"]
[TimeControl "180+2"]
[Date "2023.02.07"]
[WhiteClock "0:01:26"]
[BlackClock "0:01:09"]

1. e4 c5 2. Nf3 d6 3. d4 cxd4 4. Nxd4 Nf6 5. Nc3 a6 6. Bg5 e6 7. f4 Be7 8. Qf3 h6 9. Bh4 Qc7 10. O-O-O Nbd7 11. Bf2 b5 12. a3 Bb7 13. g4 Nc5 14. Bd3 d5 15. e5 Nfe4 16. Bxe4 dxe4 17. Qe3 Rc8 18. Kb1 O-O 19. h4 Rfd8 20. h5 Na4 21. Nxa4 bxa4 22. c3 Bd5 23. g5 Qc4 24. Nc2 Qa2+ 25. Kc1 Rb8 26. Nb4 Qa1+ 27. Kd2 Bb3+ 0-1


[Site "https://www.chess.com"]

[Event "Titled Tuesday Blitz February 07 Early 2023"]
[White "JonSnowNW1"]
[Black "Tymrakiewicz, Rafal"]
[BlackFideId "1108832"]
[WhiteElo "2329"]
[BlackElo "2144"]
[Result "0-1"]
[Round "06"]
[TimeControl "180+2"]
[Date "2023.02.07"]
[WhiteClock "0:00:01"]
[BlackClock "0:00:34"]

1. c4 e5 2. Nc3 c6 3. Nf3 d6 4. g3 g6 5. Bg2 Bg7 6. O-O d5 7. cxd5 cxd5 8. Qb3 Ne7 9. Ng5 h6 10. Nh3 Nbc6 11. Nxd5 Nxd5 12. Bxd5 Bxh3 13. Bxf7+ Ke7 14. Re1 Nd4 15. Qxb7+ Qd7 16. Qxd7+ Bxd7 17. Bxg6 Rac8 18. b3 Nc2 19. Bxc2 Rxc2 20. Ba3+ Ke6 21. d3 Rhc8 22. e3 Bb5 23. d4 e4 24. Bc5 a6 25. a4 Be2 26. Rac1 Bd3 27. Rxc2 Bxc2 28. b4 Bxa4 29. Kg2 Bc6 30. h4 Bf8 31. f3 exf3+ 32. Kf2 Be4 33. Ra1 Bxc5 34. dxc5 Ra8 35. Rd1 Bd5 36. g4 Rb8 37. Rd4 Ke5 38. Rf4 a5 39. bxa5 Rb2+ 40. Kg3 Rg2+ 41. Kh3 Ra2 42. Rf5+ Ke4 43. Rf4+ Kxe3 44. Rf6 f2 45. c6 Bf3 46. Rxf3+ Kxf3 0-1


[Site "https://www.chess.com"]

[Event "Titled Tuesday Blitz February 07 Early 2023"]
[White "Schut, Han"]
[Black "Khamdamova, Afruza"]
[WhiteFideId "1005561"]
[BlackFideId "14210444"]
[WhiteElo "2101"]
[BlackElo "2162"]
[Result "0-1"]
[Round "06"]
[TimeControl "180+2"]
[Date "2023.02.07"]
[WhiteClock "0:00:07"]
[BlackClock "0:00:12"]

1. e4 e5 2. Nf3 Nf6 3. Bc4 Nxe4 4. Nc3 Nxc3 5. dxc3 f6 6. Nh4 g6 7. f4 Qe7 8. f5 g5 9. Qh5+ Kd8 10. Ng6 hxg6 11. Qxh8 gxf5 12. Be3 f4 13. Bf2 d6 14. O-O-O Bg4 15. Kb1 Bxd1 16. Rxd1 Nd7 17. h4 Qg7 18. Qh5 c6 19. hxg5 fxg5 20. Be6 Kc7 21. c4 Nf6 22. Qe2 c5 23. Qd3 e4 24. Qa3 e3 25. Be1 Re8 26. Qxa7 Rxe6 27. Ba5+ Kd7 28. Qxb7+ Ke8 29. Qc8+ Kf7 30. Bd8 Be7 31. Qd7 e2 32. Re1 Qf8 33. Ba5 Qe8 34. Qa7 Qc6 35. Bc3 Qxg2 36. a4 f3 37. Bxf6 Kxf6 38. Qa5 f2 39. Rxe2 Rxe2 40. Ka2 f1=Q 0-1


[Site "https://www.chess.com"]

[Event "Titled Tuesday Blitz February 07 Early 2023"]
[White "Jenkins, Drake"]
[Black "Ramirez Allo, Eduardo"]
[WhiteFideId "2022397"]
[BlackFideId "2224178"]
[WhiteElo "2130"]
[BlackElo "2274"]
[Result "0-1"]
[Round "06"]
[TimeControl "180+2"]
[Date "2023.02.07"]
[WhiteClock "0:00:01"]
[BlackClock "0:00:08"]

1. Nf3 Nf6 2. c4 g6 3. Nc3 Bg7 4. g3 O-O 5. Bg2 c5 6. d4 d6 7. O-O Nbd7 8. b3 Rb8 9. Bb2 b6 10. Re1 Bb7 11. d5 a6 12. e4 b5 13. cxb5 axb5 14. Nxb5 Ba6 15. Nc3 Ng4 16. Bf1 Qb6 17. Bxa6 Qxa6 18. Qe2 Ra8 19. a4 Rfb8 20. Nb5 Nge5 21. Nxe5 Nxe5 22. Kg2 Qb7 23. f4 Nd7 24. Bxg7 Kxg7 25. h4 Nf6 26. Rad1 Ne8 27. h5 Nc7 28. Nxc7 Qxc7 29. Rd3 Rb4 30. Qb2+ f6 31. e5 Rab8 32. exf6+ exf6 33. Rde3 R4b7 34. Qe2 Kf7 35. hxg6+ hxg6 36. Rh1 Kg7 37. f5 Qf7 38. fxg6 Qxd5+ 39. Qf3 Qxf3+ 40. Kxf3 Rxb3 41. Ra1 Kxg6 42. a5 R3b5 43. a6 Ra8 44. a7 Rb7 45. Rd3 Raxa7 46. Rxa7 Rxa7 47. Rxd6 Ra3+ 48. Kf4 Ra4+ 49. Kf3 Rc4 50. Rc6 Kf5 51. g4+ Kg5 52. Rc8 Rc3+ 53. Kf2 Kxg4 54. Rf8 f5 55. Rg8+ Kf4 0-1


[Site "https://www.chess.com"]

[Event "Titled Tuesday Blitz February 07 Early 2023"]
[White "Mamedov, Edgar"]
[Black "Marchesich, Giovanni"]
[WhiteFideId "13739980"]
[BlackFideId "2824790"]
[WhiteElo "2193"]
[BlackElo "2217"]
[Result "1-0"]
[Round "06"]
[TimeControl "180+2"]
[Date "2023.02.07"]
[WhiteClock "0:00:17"]
[BlackClock "0:00:02"]

1. d4 Nf6 2. Bg5 c5 3. Bxf6 gxf6 4. d5 Bg7 5. c4 f5 6. Nc3 O-O 7. Qc2 d6 8. e3 Na6 9. a3 Nc7 10. Nh3 e5 11. Bd3 e4 12. Be2 a6 13. Nf4 Rb8 14. O-O b5 15. cxb5 axb5 16. b4 c4 17. Rab1 Qf6 18. Rfc1 Bb7 19. a4 Qxc3 20. Qxc3 Bxc3 21. Rxc3 Nxd5 22. Nxd5 Bxd5 23. axb5 Rfc8 24. Rd1 Rxb5 25. Rd4 Rc6 26. g4 fxg4 27. Bxg4 Be6 28. Bxe6 fxe6 29. Rcxc4 Rxc4 30. Rxc4 d5 31. Rd4 Kf7 32. Kg2 Ke7 33. f3 exf3+ 34. Kxf3 Kd6 35. Rh4 Rb7 36. Ke2 Kc6 37. Kd3 Kb5 38. e4 Kxb4 39. exd5+ Kc5 40. dxe6 Kd6 41. Rh6 1-0


[Site "https://www.chess.com"]

[Event "Titled Tuesday Blitz February 07 Early 2023"]
[White "Marn, Jan"]
[Black "Senft, Sean"]
[WhiteFideId "14619245"]
[BlackFideId "2044960"]
[WhiteElo "2345"]
[BlackElo "2089"]
[Result "1-0"]
[Round "06"]
[TimeControl "180+2"]
[Date "2023.02.07"]
[WhiteClock "0:00:14"]
[BlackClock "0:00:15"]

1. d4 d5 2. Nf3 c6 3. Bf4 Nf6 4. e3 Bg4 5. Nbd2 e6 6. c4 Nbd7 7. Qb3 Qc8 8. Ne5 Nxe5 9. Bxe5 Be7 10. Rc1 O-O 11. f3 Bh5 12. g4 Bg6 13. h4 h5 14. Bxf6 Bxf6 15. g5 Be7 16. f4 f6 17. Bd3 Bxd3 18. Qxd3 e5 19. dxe5 fxe5 20. cxd5 exf4 21. d6 fxe3 22. dxe7 exd2+ 23. Kxd2 Rf2+ 24. Kc3 Qg4 25. Rce1 Re8 26. Re3 a5 27. a3 Qg2 28. Qg6 Rf7 29. Rhe1 Qd5 30. Qxh5 Qc5+ 31. Kb3 Qd5+ 32. Kc2 Rf2+ 33. R1e2 Qc4+ 34. Kb1 Rf7 35. g6 Rf1+ 36. Re1 Rxe1+ 37. Rxe1 Qd3+ 38. Ka1 Rxe7 39. Qh7+ Kf8 40. Qh8# 1-0


[Site "https://www.chess.com"]

[Event "Titled Tuesday Blitz February 07 Early 2023"]
[White "Afanasieva, Alexandra"]
[Black "Dolezal, Cristian"]
[WhiteFideId "34126926"]
[BlackFideId "103560"]
[WhiteElo "1857"]
[BlackElo "2355"]
[Result "0-1"]
[Round "06"]
[TimeControl "180+2"]
[Date "2023.02.07"]
[WhiteClock "0:00:14"]
[BlackClock "0:02:04"]

1. e4 c5 2. Nf3 d6 3. d4 cxd4 4. Nxd4 Nf6 5. f3 Nc6 6. Nc3 g6 7. Be3 h5 8. Qd2 Nxd4 9. Bxd4 Bh6 10. Be3 Bxe3 11. Qxe3 Be6 12. Bb5+ Kf8 13. O-O Rc8 14. Rad1 Qa5 15. Bd3 Nd7 16. f4 Qb6 17. Qxb6 Nxb6 18. f5 gxf5 19. exf5 Bc4 20. f6 e5 21. Bxc4 Nxc4 22. Ne4 Ne3 23. Nxd6 Rd8 24. Rd3 Nxf1 25. Kxf1 Rh6 26. Ne4 Rxd3 27. cxd3 Ke8 28. Ke2 Kd7 29. Ke3 b6 30. g3 Ke6 31. h3 Rg6 32. Kf3 Rg8 33. g4 hxg4+ 34. hxg4 Rd8 35. Ke3 Rh8 36. g5 Rh3+ 37. Ke2 Rh2+ 38. Kf3 Rxb2 39. Ng3 Rxa2 40. Nh5 Kf5 0-1


[Site "https://www.chess.com"]

[Event "Titled Tuesday Blitz February 07 Early 2023"]
[White "Theytookourjobs"]
[Black "Hajiyev, Kanan"]
[BlackFideId "13404148"]
[WhiteElo "2291"]
[BlackElo "2197"]
[Result "0-1"]
[Round "06"]
[TimeControl "180+2"]
[Date "2023.02.07"]
[WhiteClock "0:00:01"]
[BlackClock "0:00:12"]

1. d4 d5 2. Bf4 c5 3. e3 cxd4 4. exd4 Nc6 5. Nc3 Bf5 6. Nf3 e6 7. Bd3 Bxd3 8. Qxd3 Nf6 9. Ne5 Bd6 10. Qb5 Qc7 11. Qa4 O-O 12. Nb5 Bb4+ 13. c3 Qa5 14. Qxa5 Bxa5 15. O-O a6 16. Na3 Nh5 17. Nxc6 bxc6 18. Bd6 Rfd8 19. Bc5 Rab8 20. b4 Bc7 21. Nc2 Nf4 22. Rfe1 a5 23. a3 Rb7 24. Re3 Ra8 25. g3 Nh3+ 26. Kg2 Ng5 27. Rae1 axb4 28. axb4 Ra2 29. R1e2 Ne4 30. Ne1 Rxe2 31. Rxe2 Nxc3 32. Rc2 Ne4 33. Nd3 h5 34. Ra2 Nxc5 35. bxc5 f6 36. Ra6 e5 37. Rxc6 exd4 38. Nf4 Bxf4 39. gxf4 Kf7 40. Rd6 Rc7 41. Rxd5 Ke6 42. Rxd4 Rxc5 43. Rd3 Kf5 44. Kf3 g6 45. h4 Rb5 46. Rc3 Rb4 47. Rc5+ Ke6 48. Rc6+ Ke7 49. Rc5 Kd6 50. Ra5 Rb3+ 51. Ke4 Rh3 52. Ra6+ Ke7 53. Ra7+ Ke6 54. Ra6+ Kf7 55. Ra7+ Kf8 56. Ra8+ Kg7 57. Ra7+ Kh6 58. Kd5 Rxh4 59. Ra4 g5 60. fxg5+ Kxg5 61. Ra3 Rf4 62. Rg3+ Kf5 63. Rh3 h4 64. Kc5 Kg4 65. Re3 h3 0-1


[Site "https://www.chess.com"]

[Event "Titled Tuesday Blitz February 07 Early 2023"]
[White "Jimenez Almeida, Luis David"]
[Black "Bruned, Boris"]
[WhiteFideId "22242244"]
[BlackFideId "621790"]
[WhiteElo "2242"]
[BlackElo "2133"]
[Result "1-0"]
[Round "06"]
[TimeControl "180+2"]
[Date "2023.02.07"]
[WhiteClock "0:01:44"]
[BlackClock "0:00:32"]

1. e4 b6 2. d4 Bb7 3. Bd3 e6 4. Qe2 d5 5. exd5 Qxd5 6. Nf3 Nf6 7. c4 Bb4+ 8. Bd2 Bxd2+ 9. Nbxd2 Qd8 10. d5 O-O 11. dxe6 fxe6 12. O-O Kh8 13. Rad1 Nbd7 14. Rfe1 Nc5 15. Bc2 Qe7 16. Ne5 a5 17. b3 Rad8 18. a3 Nfd7 19. Qh5 Nf6 20. Ng6+ Kg8 21. Nxe7+ Kh8 1-0


[Site "https://www.chess.com"]

[Event "Titled Tuesday Blitz February 07 Early 2023"]
[White "Bobomurodova, Maftuna"]
[Black "Baches Garcia, Guillermo"]
[WhiteFideId "14207400"]
[BlackFideId "2209764"]
[WhiteElo "1946"]
[BlackElo "2327"]
[Result "0-1"]
[Round "06"]
[TimeControl "180+2"]
[Date "2023.02.07"]
[WhiteClock "0:00:01"]
[BlackClock "0:00:11"]

1. e4 c5 2. Nf3 d6 3. d4 cxd4 4. Nxd4 Nf6 5. Nc3 a6 6. Bg5 Nbd7 7. f4 h6 8. Bh4 g6 9. Bf2 e5 10. fxe5 dxe5 11. Nb3 Bb4 12. Bd3 O-O 13. O-O b5 14. Be3 Kg7 15. Qf3 Bb7 16. Ne2 Be7 17. Ng3 Qc7 18. h4 h5 19. Bg5 Rae8 20. Qe2 Ng4 21. Rf3 Nc5 22. Raf1 Bxg5 23. hxg5 Ne6 24. Qd2 Qe7 25. Rf5 Bc8 26. Be2 Qa7+ 27. Kh1 Ne3 28. R5f3 Nxf1 29. Rxf1 Rd8 30. Bd3 Nf4 31. Qc3 Nxd3 32. cxd3 Qe7 33. Qd2 Be6 34. Rf6 Bxb3 35. axb3 Rd6 36. Rf1 Rfd8 37. Rf3 Qd7 38. Qf2 Rxd3 39. Rxd3 Qxd3 40. Qf6+ Kg8 41. Qxe5 Qd1+ 42. Kh2 Qd6 43. Qc3 h4 44. e5 hxg3+ 45. Qxg3 Qd3 46. Qf4 Qf5 47. Qh4 Kg7 0-1


[Site "https://www.chess.com"]

[Event "Titled Tuesday Blitz February 07 Early 2023"]
[White "Lesbekova, Assel"]
[Black "Degenbaev, Aziz"]
[WhiteFideId "13713248"]
[BlackFideId "13802640"]
[WhiteElo "1772"]
[BlackElo "2203"]
[Result "0-1"]
[Round "06"]
[TimeControl "180+2"]
[Date "2023.02.07"]
[WhiteClock "0:00:04"]
[BlackClock "0:00:15"]

1. e4 c5 2. Nc3 Nc6 3. Nge2 d6 4. d4 cxd4 5. Nxd4 Nf6 6. f3 e5 7. Nb3 Be6 8. Nd5 a6 9. Be3 Bxd5 10. exd5 Nb8 11. a4 Be7 12. a5 Nbd7 13. c4 O-O 14. Bd3 Ne8 15. O-O f5 16. Be2 Rc8 17. Qd2 Nc5 18. Nxc5 dxc5 19. Rfc1 Nd6 20. b3 Bf6 21. Ra2 f4 22. Bf2 e4 23. fxe4 Nxe4 24. Qd3 Nxf2 25. Kxf2 Bd4+ 26. Ke1 Be3 27. Rb1 Qh4+ 28. Kd1 Qxh2 29. Bf3 Rce8 30. Re2 Bd4 31. Kc2 Re3 32. Rxe3 fxe3 33. Qe4 Qg3 34. Rf1 h6 35. Qe6+ Kh8 36. Kd3 Qf4 37. Ke2 Qc7 38. d6 Qxa5 39. d7 Qd2# 0-1


[Site "https://www.chess.com"]

[Event "Titled Tuesday Blitz February 07 Early 2023"]
[White "Valle Maytin, Luis Enrique"]
[Black "Fajdetic, Hrvoje"]
[WhiteFideId "3503666"]
[BlackFideId "14501945"]
[WhiteElo "2241"]
[BlackElo "2151"]
[Result "1-0"]
[Round "06"]
[TimeControl "180+2"]
[Date "2023.02.07"]
[WhiteClock "0:01:54"]
[BlackClock "0:01:37"]

1. e4 c5 2. Nf3 a6 3. d4 cxd4 4. Nxd4 Nf6 5. Nc3 e5 6. Nf3 Nc6 7. Bg5 Bb4 8. a3 Bxc3+ 9. bxc3 Qa5 10. Bd3 Qxc3+ 11. Bd2 Qc5 12. O-O O-O 13. Be3 Qa5 14. c4 Ng4 15. Bd2 Qc5 16. h3 Nf6 17. Be3 Qa5 18. Qb3 h6 19. Bb6 Nd4 20. Nxd4 Qd2 21. Nf3 Qf4 22. Be3 1-0


[Site "https://www.chess.com"]

[Event "Titled Tuesday Blitz February 07 Early 2023"]
[White "Zaksaite, Salomeja"]
[Black "De Vreugt, Dennis"]
[WhiteFideId "12801496"]
[BlackFideId "1003909"]
[WhiteElo "2283"]
[BlackElo "2392"]
[Result "0-1"]
[Round "06"]
[TimeControl "180+2"]
[Date "2023.02.07"]
[WhiteClock "0:00:02"]
[BlackClock "0:01:23"]

1. e4 e5 2. Nf3 Nc6 3. Bc4 Nf6 4. d3 Bc5 5. O-O d6 6. h3 h6 7. c3 a6 8. a4 Ba7 9. Na3 Ne7 10. Nc2 Ng6 11. Ne3 O-O 12. Nf5 d5 13. Bb3 dxe4 14. dxe4 Qxd1 15. Bxd1 Nxe4 16. g4 Be6 17. Bc2 Nd6 18. Re1 Rfe8 19. Be3 Bxe3 20. Rxe3 Nc4 21. Re2 Nf4 22. Re4 Bd5 23. Rxf4 exf4 24. N3d4 c5 0-1


[Site "https://www.chess.com"]

[Event "Titled Tuesday Blitz February 07 Early 2023"]
[White "Minko, Dmitry"]
[Black "Smietanska, Wiktoria"]
[WhiteFideId "24188468"]
[BlackFideId "21869359"]
[WhiteElo "2247"]
[BlackElo "1936"]
[Result "1-0"]
[Round "06"]
[TimeControl "180+2"]
[Date "2023.02.07"]
[WhiteClock "0:00:18"]
[BlackClock "0:00:01"]

1. e4 c5 2. Nf3 d6 3. d4 cxd4 4. Nxd4 Nf6 5. Nc3 a6 6. Bg5 Nbd7 7. Qd2 Qc7 8. O-O-O b5 9. f3 h6 10. Be3 Bb7 11. Kb1 b4 12. Nce2 e6 13. Nc1 a5 14. g4 d5 15. Bf4 Qb6 16. Bg3 dxe4 17. h4 exf3 18. Nb5 Bc6 19. Nc7+ Kd8 20. Nxa8 Bxa8 21. Rh2 Bc6 22. g5 Ne4 23. Qf4 e5 24. Qxe5 f6 25. Qe6 Nc5 26. Qf7 Be7 27. Bh3 hxg5 28. Qxg7 Re8 29. Rhd2 Qc7 30. Bxc7+ 1-0


[Site "https://www.chess.com"]

[Event "Titled Tuesday Blitz February 07 Early 2023"]
[White "Ardila, Oscar Humberto"]
[Black "Nur-Mukhametova, Alisa"]
[WhiteFideId "4404742"]
[BlackFideId "54117739"]
[WhiteElo "1982"]
[BlackElo "2170"]
[Result "0-1"]
[Round "06"]
[TimeControl "180+2"]
[Date "2023.02.07"]
[WhiteClock "0:00:01"]
[BlackClock "0:00:12"]

1. d4 Nf6 2. c4 g6 3. Nc3 d5 4. Nf3 Bg7 5. Bg5 Ne4 6. e3 Nxg5 7. Nxg5 c5 8. Nxd5 cxd4 9. exd4 Nc6 10. Nf3 O-O 11. Be2 e6 12. Ne3 Nxd4 13. Nxd4 Qxd4 14. Qxd4 Bxd4 15. O-O-O Bc5 16. Bf3 Rb8 17. a3 a5 18. Rhe1 b5 19. cxb5 Rxb5 20. Be2 Rb8 21. Ng4 Kg7 22. f4 h5 23. Ne5 Be3+ 24. Kb1 Bxf4 25. Nf3 Bb7 26. g3 Bh6 27. Rd7 Be4+ 28. Ka1 Rfd8 29. Red1 Bd5 30. Rxd8 Rxd8 31. Ne5 Kf8 32. Rf1 Bg7 33. Nxf7 Rb8 34. Nd6+ Kg8 35. Nb5 Rc8 36. Bd3 g5 37. Nd6 Rb8 38. Bb5 Rb6 39. a4 Rxd6 40. Rc1 Rd8 41. Rc7 h4 42. gxh4 gxh4 43. Kb1 Rf8 44. Kc2 Rf2+ 45. Kd3 Rxb2 46. Ra7 Rb3+ 47. Ke2 h3 48. Kf2 Rb2+ 49. Kg3 Bg2 50. Ra8+ Kf7 51. Be8+ Kf6 52. Rxa5 Bh6 53. Rh5 Bg5 54. Bb5 Rb3+ 55. Kf2 Be3+ 56. Kg3 Bg1+ 0-1


[Site "https://www.chess.com"]

[Event "Titled Tuesday Blitz February 07 Early 2023"]
[White "Dilmukhametov, Artur"]
[Black "Ilinca Ilinca, Felix Antonio"]
[WhiteFideId "24179922"]
[BlackFideId "54764998"]
[WhiteElo "2276"]
[BlackElo "2266"]
[Result "0-1"]
[Round "06"]
[TimeControl "180+2"]
[Date "2023.02.07"]
[WhiteClock "0:00:03"]
[BlackClock "0:00:19"]

1. e4 c5 2. Nf3 e6 3. Nc3 Nc6 4. d4 cxd4 5. Nxd4 Nf6 6. Nxc6 bxc6 7. e5 Nd5 8. Ne4 Qc7 9. f4 Qb6 10. Qf3 Ba6 11. a3 Bxf1 12. Kxf1 f5 13. exf6 Qb5+ 14. Qe2 Qxe2+ 15. Kxe2 Nxf6 16. Kf3 Nxe4 17. Kxe4 Be7 18. Be3 a5 19. Bd4 Kf7 20. a4 c5 21. Bc3 d5+ 22. Kf3 Rhb8 23. Be5 Rb4 24. b3 Bf6 25. Rae1 c4 26. Bd6 Rb6 27. Bc5 Rc6 28. Bf2 cxb3 29. cxb3 Rb8 30. Re3 Rcb6 31. Rb1 Rb4 32. Rc1 Rxb3 33. Rc7+ Kg6 34. g4 Rxe3+ 35. Bxe3 Rb3 36. Rc6 d4 37. Rxe6 Rxe3+ 38. Rxe3 dxe3 39. Kxe3 Kf7 40. Ke4 Ke6 41. h3 g6 42. Kd3 Kd5 43. Ke3 Be7 44. Kd3 Bc5 45. Kc3 Bd6 46. f5 gxf5 47. gxf5 Be5+ 48. Kd3 Bf6 49. Ke3 Kc4 0-1


[Site "https://www.chess.com"]

[Event "Titled Tuesday Blitz February 07 Early 2023"]
[White "Khokhlova, Daria"]
[Black "Tarasova, Viktoriya"]
[WhiteFideId "24182729"]
[BlackFideId "4175840"]
[WhiteElo "2111"]
[BlackElo "2226"]
[Result "1/2-1/2"]
[Round "06"]
[TimeControl "180+2"]
[Date "2023.02.07"]
[WhiteClock "0:00:13"]
[BlackClock "0:00:49"]

1. d4 Nf6 2. c4 e6 3. g3 d5 4. Nf3 Bb4+ 5. Bd2 Be7 6. Bg2 O-O 7. O-O Nbd7 8. Qc2 c6 9. Rd1 b6 10. b3 Bb7 11. Nc3 Rc8 12. e4 dxe4 13. Nxe4 Nxe4 14. Qxe4 Nf6 15. Qe2 Qc7 16. Bf4 Bd6 17. Bxd6 Qxd6 18. Ne5 Qc7 19. Rac1 c5 20. Bxb7 Qxb7 21. dxc5 bxc5 22. Rd3 Rfd8 23. Rcd1 Qc7 24. Rxd8+ Rxd8 25. Rxd8+ Qxd8 26. Qe3 Qd6 27. Nd3 Nd7 28. a3 a5 29. Kg2 h6 30. Nb2 Qc6+ 31. Qf3 Qc8 32. Qe4 Nf6 33. Qf3 Nd7 34. Na4 Qc7 35. Qa8+ Kh7 36. Qe4+ Kg8 37. Qa8+ Kh7 38. Qe4+ Kg8 39. Qa8+ 1/2-1/2


[Site "https://www.chess.com"]

[Event "Titled Tuesday Blitz February 07 Early 2023"]
[White "Buchenau, Frank"]
[Black "ritanovikova"]
[WhiteFideId "4604350"]
[WhiteElo "2222"]
[BlackElo "2202"]
[Result "1-0"]
[Round "06"]
[TimeControl "180+2"]
[Date "2023.02.07"]
[WhiteClock "0:00:36"]
[BlackClock "0:01:06"]

1. e4 e5 2. Nf3 Nc6 3. Bc4 Bc5 4. c3 Nf6 5. d3 h6 6. O-O d6 7. d4 Bb6 8. dxe5 dxe5 9. Qxd8+ Nxd8 10. Nxe5 Nxe4 11. Nd2 Nd6 12. Bd5 Be6 13. Bf3 O-O 14. Ne4 Nxe4 15. Bxe4 c6 16. Bf4 g5 17. Be3 f5 18. Bc2 Nf7 19. Nxf7 Rxf7 20. Bxb6 axb6 21. Rfe1 Bd5 22. Re5 Kg7 23. Rxf5 Rxf5 24. Bxf5 Rxa2 25. Rxa2 Bxa2 26. Bc8 c5 27. Bxb7 Kf6 28. f3 Ke5 29. Kf2 Kd6 30. Ke3 Ke5 31. g3 Kd6 32. f4 Bb1 33. fxg5 hxg5 34. h4 gxh4 35. gxh4 Bh7 36. Be4 Bg8 37. h5 b5 38. h6 c4 39. h7 Bxh7 40. Bxh7 Kc5 41. Ke4 b4 42. Bg8 bxc3 43. bxc3 Kb5 44. Kd4 Ka4 45. Kxc4 Ka3 46. Kb5 Kb2 47. c4 1-0


[Site "https://www.chess.com"]

[Event "Titled Tuesday Blitz February 07 Early 2023"]
[White "Serpi, Andrea"]
[Black "Forgacs, Attila Jr."]
[WhiteFideId "2847499"]
[BlackFideId "773654"]
[WhiteElo "2191"]
[BlackElo "2264"]
[Result "0-1"]
[Round "06"]
[TimeControl "180+2"]
[Date "2023.02.07"]
[WhiteClock "0:00:06"]
[BlackClock "0:00:31"]

1. e4 e5 2. Nf3 Nc6 3. Nc3 Nf6 4. d4 exd4 5. Nxd4 Bb4 6. Nxc6 bxc6 7. Bd3 O-O 8. O-O d5 9. exd5 cxd5 10. h3 h6 11. Qf3 c6 12. Bf4 Bd6 13. Rfe1 Rb8 14. b3 Qc7 15. Ne2 Be6 16. Bxd6 Qxd6 17. Qf4 Qd7 18. Nd4 c5 19. Nf5 c4 20. Nxh6+ gxh6 21. Qxf6 cxd3 22. Re3 Bf5 23. Rg3+ Bg6 24. cxd3 Rb6 25. Qh4 Kh7 26. Re1 Re8 27. Rxe8 Qxe8 28. Re3 Re6 29. Rg3 Re1+ 30. Kh2 Qe5 31. d4 Qf5 32. Rf3 Qb1 33. Qd8 Rh1+ 34. Kg3 Qc1 35. Qxd5 Qg5+ 36. Qxg5 hxg5 37. Rf6 Rd1 38. Ra6 Rxd4 39. Rxa7 Kg7 40. a3 Bf5 41. b4 Rd3+ 42. Kh2 Rb3 43. Ra5 Kg6 44. b5 Be4 45. a4 Rb2 46. Kg3 f5 47. Ra6+ Kh5 48. f3 f4+ 49. Kh2 Bxf3 50. b6 Bxg2 51. Kg1 Bxh3 52. a5 f3 53. Ra8 f2+ 54. Kh2 f1=Q+ 55. Kg3 Qg2# 0-1


[Site "https://www.chess.com"]